cohdb
Replays
Latest Replays
All Replays
Popular Replays
Top Player Replays
Match Explorer
How It Works
Community
CoH3 Stats
Reddit
Sign in to upload your games and track your stats! →
Sign in with Steam
Match 45238272
Unlisted
Match 45238272
Overview
Messages
Build Orders
End
Scout Squad
Selects Special Operations Battlegroup
Selects M29 Weasel Recon Vehicle
M29 Weasel Recon Vehicle
Construct Weapon Support Center
M1919 Machine Gun Team
Bazooka Squad
Infantry Support Center
Engineer Squad
Selects Raiding Flares
M1919 Machine Gun Team
Construct Medical Station
Mortar Pit
Selects SSF Commando Squad
SSF Commando Squad
Mortar Pit
Advanced Logistics
M3 Armored Personnel Carrier
SSF Commando Squad
Improved M9 Bazooka Rockets
Bego
Martinez
Eilte
Otto Karius
0
0
Comments
sign in to comment!
No comments posted yet!